 Dungeon Crawl Stone Soup version 0.30-a0-364-gf6b3ef1049 (webtiles) character file.

Game seed: 1544261560427074392

46 mopl the Magician (level 3, -3/24 HPs)
             Began as a Mummy Fire Elementalist on Nov 15, 2022.
             Slain by Natasha (7 damage)
             ... on level 2 of the Dungeon.
             The game lasted 00:01:49 (975 turns).

mopl the Magician (Mummy Fire Elementalist)          Turns: 975, Time: 00:01:50

Health: -3/24      AC:  2    Str: 11    XL:     3   Next: 44%
Magic:  0/7        EV: 12    Int: 16    God:
Gold:   75         SH:  0    Dex: 12    Spells: 2/8 levels left

rFire   x . .      SeeInvis .    (no weapon)
rCold   + . .      Faith    +    (no shield)
rNeg    + + +      Spirit   .    a - +0 robe
rPois   ∞          Reflect  .    (no helmet)
rElec   .          Harm     .    (no cloak)
rCorr   .          Rampage  .    (no gloves)
Will    .....                    (no boots)
Stlth   ++........               (no amulet)
HPRegen 0.24/turn                (no ring)
MPRegen 0.10/turn                (no ring)

@: very slightly contaminated, slowed, very slow
A: cold resistance 1, negative energy resistance 3, torment resistance 2, heat
vulnerability 1, in touch with death 1, no potions, faith
a: no special abilities


You were on level 2 of the Dungeon.
You visited 1 branch of the dungeon, and saw 2 of its levels.

You collected 75 gold pieces.

Inventory:

Missiles
 d - 3 poisoned darts
Armour
 a - a +0 robe (worn)
Scrolls
 b - 2 scrolls of noise {unknown}
 c - a scroll of magic mapping {unknown}


   Skills:
 - Level 1.5 Dodging
 - Level 1.5 Stealth
 + Level 3.3 Spellcasting
 + Level 1.4 Conjurations
 + Level 0.0 Translocations
 * Level 3.1 Fire Magic
 + Level 0.0 Air Magic


You had 2 spell levels left.
You knew the following spells:

 Your Spells              Type           Power      Damage    Failure   Level
a - Foxfire               Conj/Fire      40%        2x1d6     7%          1
b - Scorch                Fire           24%        2d6       8%          2
c - Kindle Blastsparks    Fire/Tloc/Air  12%        2d11      34%         3

Your spell library contained the following spells:

 Spells                   Type           Power      Damage    Failure   Level
 Inner Flame              Hex/Fire       7%         N/A       28%         3
 Flame Wave               Conj/Fire      10%        2d6       56%         4


Dungeon Overview and Level Annotations

Branches:
Dungeon (2/15)

Altars:

Annotations:
D:2 Natasha


Innate Abilities, Weirdness & Mutations

You are immune to poison.
Your flesh is cold resistant. (rC+)
You are immune to negative energy. (rN+++)
You are immune to unholy pain and torment.
You are vulnerable to heat. (rF-)
You are in touch with the powers of death.
You do not drink.
You have a special connection with the divine. (Faith)


Message History

Unknown command.
Unknown command.
Casting: Scorch (safe; 8% risk of failure)
Confirm with . or Enter, or press ? or * to list all spells.
You don't have enough magic to cast this spell.
Unknown command.
Unknown command.
Casting: Scorch (safe; 8% risk of failure)
Confirm with . or Enter, or press ? or * to list all spells.
You conjure some foxfire!
Natasha claws you.
* * * LOW HITPOINT WARNING * * *
Unknown command.
Unknown command.
You hit Natasha.
Natasha is severely wounded.
The foxfire hits Natasha.
Natasha is severely wounded.
The foxfire hits Natasha.
Natasha is severely wounded.
Natasha stares at you and mumbles some strange words.
You feel yourself slow down.
You aren't carrying any items that you can evoke.
Unknown command.
You closely miss Natasha.
Natasha is severely wounded.
Natasha extends her claws.
Natasha misses you.
Natasha mumbles some strange words.
You hit Natasha but do no damage.
Natasha is severely wounded.
Natasha is no longer more vulnerable to fire.
Natasha barely misses you. The shadow imp puffs mist at you.
The shadow imp misses you.
You closely miss Natasha.
Natasha is severely wounded.
Natasha mumbles some strange words.
Natasha's front paws start to glow.
Natasha claws you!
You die...

.. ##### .
##...#.#
....#. #....
#...# #.h.#
...... #.@.#
....######.5.#
.............#
............#
#...........#
#...........#
#...........#
#...........#
#...........#


You could see Natasha and a shadow imp (summoned).

Vanquished Creatures
  Natasha (D:2)
  A dart slug (D:1)
  3 ball pythons
  3 endoplasms (D:1)
  A giant cockroach (D:2)
  3 goblins (D:1)
  2 hobgoblins (D:1)
  A bat (D:1)
  2 rats (D:1)
17 creatures vanquished.

Vanquished Creatures (others)
  18 foxfires
18 creatures vanquished.

Grand Total: 35 creatures vanquished

Notes
Turn   | Place    | Note
-------+----------+-------------------------------------------
     0 | D:1      | mopl the Mummy Fire Elementalist began the quest for the
                  | Orb.
     0 | D:1      | Reached XP level 1. HP: 13/13 MP: 4/4
   137 | D:1      | Found a faded altar of an unknown god.
   151 | D:1      | Reached skill level 1 in Conjurations
   495 | D:1      | Reached skill level 3 in Spellcasting
   495 | D:1      | Reached XP level 2. HP: 19/19 MP: 3/6
   498 | D:1      | Learned a level 2 spell: Scorch
   837 | D:2      | Noticed Natasha
   842 | D:2      | Killed Natasha
   843 | D:2      | Reached skill level 3 in Fire Magic
   843 | D:2      | Gained mutation: You are in touch with the powers of death.
                  | [Mummy growth]
   843 | D:2      | Reached XP level 3. HP: 16/24 MP: 0/7
   908 | D:2      | Learned a level 3 spell: Kindle Blastsparks
   965 | D:2      | Noticed Natasha
   975 | D:2      | Slain by Natasha

Illustrated notes

Levels and vault maps discovered:
D:1:      amcnicky_arrival_single_pillar, layout_loops_cross,
          ebering_ecumenical_altar_sacrificial
D:2:      layout_basic, serial_glass, glass_columns_b, glass_columns_c,
          minmay_hedge_maze, serial_bayou_pond_b, uniq_crazy_yiuf_cottage,
          uniq_natasha

Skill      XL: |  1  2 |
---------------+-------+-----
Conjurations   | 1 |  1.4
Spellcasting   | 3 |  3.3
Fire Magic     | 3 |  3.1
Dodging        | |  1.5
Stealth        | |  1.5

Action                   || total
-------------------------++-------
Melee: Unarmed           ||    42
       Punch             ||     1
 Cast: Foxfire           ||    13
       Scorch            ||    12
Armor: Robe              ||    10
Dodge: Dodged            ||    32

Table legend: (Time is in decaauts)
 A = Elapsed time spent in this place.
 B = Non-inter-level travel time spent in this place.
 C = Inter-level travel time spent in this place.
 D = Time resting spent in this place.
 E = Time spent auto-exploring this place.
 F = Levels seen in this place.
 G = Mean time per level.
                   A        B        C        D        E       F      G
               +--------+--------+--------+--------+--------+-----+--------+
         Total |    982 |    961 |     21 |    215 |    579 |   2 |  491.0 |
       Dungeon |    982 |    961 |     21 |    215 |    579 |   2 |  491.0 |
               +--------+--------+--------+--------+--------+-----+--------+

Top non-repeatable levels by time:
     D:1: 816 daAuts
     D:2: 166 daAuts
